 Dungeon Crawl Stone Soup version 0.18-a0-1800-gdc7a371 (webtiles) character file.

2433 Sixotanaka the Slicer (level 9, -1/63 HPs)
             Began as a Human Fighter on Apr 24, 2016.
             Was a Believer of Okawaru.
             Shot with a bolt by an orc warrior (18 damage)
             ... in a bailey.
             The game lasted 00:21:15 (8225 turns).

Sixotanaka the Slicer (Human Fighter)               Turns: 8225, Time: 00:21:16

Health: -1/63      AC: 10    Str: 18    XL:     9   Next: 77%
Magic:  9/9        EV: 12    Int:  9    God:    Okawaru [**....]
Gold:   288        SH:  9    Dex: 14    Spells: 0 memorised, 8 levels left

rFire  + . .     SeeInvis .     z - +1 dagger (elec)
rCold  . . .     Gourm    .     b - +0 scale mail
rNeg   . . .     Faith    .     c - +0 shield
rPois  .         Spirit   .     (no helmet)
rElec  .         Dismiss  .     e - +0 cloak
rCorr  .         Reflect  .     n - +0 pair of gloves
SustAt .         Harm     .     u - +0 pair of boots
MR     .....                    (no amulet)
Stlth  ..........               o - ring of protection from fire
                                l - +2 ring of evasion (curse)

@: lethally poisoned (-1 -> -5), about to teleport, not resistant to hostile
enchantments, extremely unstealthy
A: evolution 1
a: Heroism, Renounce Religion


You were in a bailey.
You worshipped Okawaru.
Okawaru was pleased with you.
You were not hungry.

You visited 2 branches of the dungeon, and saw 8 of its levels.
You also visited: Bailey.

You collected 348 gold pieces.
You spent 60 gold pieces at shops.


Innate Abilities, Weirdness & Mutations

You evolve.


   Skills:
 - Level 3.0 Fighting
 - Level 10.5 Short Blades
 - Level 3.0 Armour
 + Level 6.8 Dodging
 - Level 3.0 Shields


You had 8 spell levels left.
You didn't know any spells.

Dungeon Overview and Level Annotations

Branches:
Dungeon (7/15)             Temple (1/1) D:5

Altars:
Ashenzari
Cheibriados
Elyvilon
Fedhas
Gozag
Kikubaaqudgha
Makhleb
Nemelex Xobeh
Okawaru
Pakellas
Qazlal
Ru
Sif Muna
Trog
Vehumet
Xom
Yredelemnul
Zin
The Shining One

Shops:
D:4 ?

Annotations:
D:3 KNBrisson's ghost, amateur VSSk

Inventory:

Hand Weapons
 a - a +0 rapier
 x - a +1 dagger of venom
   (You took it off an orc wizard on level 6 of the Dungeon)
 z - a +1 dagger of electrocution (weapon)
   (You took it off an orc wizard on level 5 of the Dungeon)
Missiles
 h - 2 throwing nets (quivered)
Armour
 b - a +0 scale mail (worn)
 c - a +0 shield (worn)
 e - a +0 cloak (worn)
 n - a +0 pair of gloves (worn)
 u - a +0 pair of boots (worn)
Jewellery
 l - a cursed +2 ring of evasion (left hand)
 o - a ring of protection from fire (right hand)
Wands
 j - a wand of random effects (43/48)
Scrolls
 i - 2 scrolls of random uselessness
 k - 3 scrolls of teleportation {@r4}
 p - 4 scrolls of amnesia
 q - a scroll of fog {unknown}
 s - 3 scrolls of enchant weapon {unknown}
 t - a scroll of immolation {!r}
 y - a scroll of enchant armour {unknown}
 A - a scroll of fear {unknown}
 B - 3 scrolls of vulnerability {!r}
 C - a scroll of magic mapping {unknown}
Potions
 d - a potion of flight
 m - a potion of agility
 w - 2 potions of haste {@q3}
Comestibles
 f - 3 bread rations
 g - 6 chunks of flesh

............## #..(.......,
...........##. #.......... ,
...........#..* ∩ #.(##...... ,
..........##.# ###(# ......
..........##.' #)'.# ,.....
....).....##.### ###.# .....
(.....(...##o()# #)'.# ....
.......(..##(#########.# .... ,
........(..#..##@#)##..#.....
...........##..#'#'#..##......
...........(##.oo....##..........
....≈≈≈≈≈....#########....≈≈≈≈≈..
...≈≈#.#≈≈......###......≈≈#.#≈≈.
...≈##.##≈...............≈##.##≈.
...≈..^..≈........(......≈..^..≈.
...≈##.##≈...........)...≈##.##≈.
...≈≈#.#≈≈..........().).≈≈#.#≈≈.


You could see 2 orc warriors.


Message History

Okawaru accepts your kill.
Things that are here:
a halberd; a scale mail; an orc corpse There's something blocking the doorway.
The orc warrior unwields an uncursed arbalest.
The orc warrior wields a runed demon blade.
It begins to drip with poison!
The orc warrior hits you with a demon blade of venom!!
You are poisoned.
There is an open door, spattered with blood here.
You see here a bolt.
You hit the orc warrior but do no damage.
You feel sick.
Your shield and scale mail prevent you from hitting the orc warrior.
The orc warrior hits you with a demon blade of venom.
* * * LOW HITPOINT WARNING * * *
You are more poisoned.
You completely miss the orc warrior.
You feel sick.
You hit the orc warrior but do no damage.
There is a sudden explosion of sparks!
You feel sick. You block the orc warrior's attack.
An orc warrior comes into view. It is wielding a glaive.
You hit the orc warrior but do no damage.
You feel sick.
You closely miss the orc warrior.
You feel sick. The orc warrior barely misses you.
The orc warrior hits you with a demon blade of venom!
* * * LOW HITPOINT WARNING * * *
* * * LOW HITPOINT WARNING * * *
You feel sick.
The orc warrior unwields an uncursed demon blade of venom.
It stops dripping with poison.
The orc warrior wields an uncursed arbalest.
The orc warrior shoots a bolt.
You block the bolt.
You see here a bolt.
* * * LOW HITPOINT WARNING * * *
You feel sick.
The orc warrior moves out of view.
* * * LOW HITPOINT WARNING * * *
You feel sick.
* * * LOW HITPOINT WARNING * * *
You feel sick.
The orc warrior shoots a bolt.
You block the bolt.
You see here a bolt.
* * * LOW HITPOINT WARNING * * *
You feel sick.
There is an open door here.
* * * LOW HITPOINT WARNING * * *
You feel sick.
Things that are here:
a glaive; a plate armour You close the door.
* * * LOW HITPOINT WARNING * * *
You feel sick.
Quiver which item? (- for none, * to show all) (? for menu, Esc to quit)
Okay, then.
Drink which item? (? for menu, Esc to quit)
It was a potion of heal wounds.
You feel much better.
You feel sick.
Read which item? (? for menu, Esc to quit)
As you read the scroll of teleportation {@r4}, it crumbles to dust.
You feel strangely unstable.
You feel sick.
An orc warrior opens the door.
You feel sick.
There is an open door here.
You closely miss the orc warrior. The orc warrior hits you with a glaive!
* * * LOW HITPOINT WARNING * * *
You feel sick.
The orc warrior shoots a bolt.
You block the bolt.
Things that are here:
a bolt; a glaive; a plate armour Unknown command.
You close the door.
You feel sick.
An orc warrior opens the door.
The orc warrior shoots a bolt.
The bolt hits you!!
You die...

Action                   |  1- 3 |  4- 6 |  7- 9 || total
-------------------------+-------+-------+-------++-------
Melee: Rapier            |   130 |   287 |    57 ||   474
       Dagger            |       |       |   350 ||   350
  Use: Potion            |     1 |       |     4 ||     5
       Scroll            |       |     8 |     4 ||    12
  Eat: Chunk             |     2 |     4 |     9 ||    15
       Meat ration       |       |     1 |     1 ||     2
       Beef jerky        |       |     1 |       ||     1
Armor: Scale mail        |    55 |    95 |    74 ||   224
Dodge: Dodged            |    38 |    76 |   112 ||   226
Block: Shield            |    53 |   100 |   138 ||   291

Vault maps used:
D:1:      lightli_iron_boxes, corner_web_ring, minmay_misc_feat_four_crosses
D:2:      glass_columns_a, grunt_ministairs_6, fedhas_altar_3,
          uniq_crazy_yiuf_cottage
D:3:      overflow_temple_1_default, old_standard_altar,
          makhleb_heckhound_becter, tso_oasis_becter, lemuel_doored_altar,
          kennysheep_generic_room_11
D:4:      gammafunk_temple_overflow_wave, portal_sewer_entry_d, serial_shops,
          nicolae_shop_behind_doors, first_bread, kennysheep_potato
D:5:      minmay_temple_entry_fiery, basic_altar, uniq_edmund,
          uniq_blork_the_orc
D:6:      kennysheep_little_box, grunt_pakellas_mercury, minmay_lizard_king
D:7:      gammafunk_temple_overflow_elements, enter_bailey_2, grunt_livestock,
          minivault_19, uniq_menkaure
Temple:   temple_eino_lava_8
Bailey:   bailey_polearm_2, bailey

Notes
Turn   | Place    | Note
--------------------------------------------------------------
     0 | D:1      | Sixotanaka the Human Fighter began the quest for the Orb.
     0 | D:1      | Reached XP level 1. HP: 18/18 MP: 1/1
   366 | D:1      | Reached XP level 2. HP: 24/24 MP: 2/2
   439 | D:1      | Reached skill level 3 in Short Blades
   570 | D:1      | Reached XP level 3. HP: 29/29 MP: 3/3
  1033 | D:2      | Found a blossoming altar of Fedhas.
  1693 | D:2      | Noticed Crazy Yiuf
  1701 | D:2      | Killed Crazy Yiuf
  1701 | D:2      | Reached skill level 4 in Short Blades
  1701 | D:2      | Reached XP level 4. HP: 18/35 MP: 4/4
  1925 | D:3      | Noticed KNBrisson's ghost (amateur VSSk)
  2010 | D:3      | Found a deep blue altar of Sif Muna.
  2302 | D:3      | Found a glowing silver altar of Zin.
  2353 | D:3      | Found a basalt altar of Yredelemnul.
  2422 | D:3      | Noticed a phantom
  2500 | D:4      | Reached XP level 5. HP: 34/41 MP: 5/5
  2518 | D:4      | Reached skill level 5 in Short Blades
  2720 | D:4      | Reached XP level 6. HP: 15/47 MP: 6/6
  2883 | D:4      | Found a snail-covered altar of Cheibriados.
  2883 | D:4      | Found a stormy altar of Qazlal.
  2896 | D:4      | Reached skill level 6 in Short Blades
  2990 | D:4      | HP: 10/47 [quokka (3)]
  2996 | D:4      | HP: 8/47 [poisoned by a worker ant]
  3153 | D:4      | Found Foefec's Magic Scroll Shoppe.
  3158 | D:4      | Bought a scroll of identify for 20 gold pieces
  3158 | D:4      | Bought a scroll of identify for 20 gold pieces
  3158 | D:4      | Bought a scroll of identify for 20 gold pieces
  3433 | D:4      | Noticed an ogre
  3522 | D:3      | Found a burning altar of Makhleb.
  3556 | D:3      | Found a glowing golden altar of the Shining One.
  3751 | D:3      | HP: 11/47 [phantom (6)]
  3762 | D:3      | Killed a phantom
  3762 | D:3      | Reached skill level 7 in Short Blades
  3762 | D:3      | Reached XP level 7. HP: 9/52 MP: 7/7
  4724 | D:5      | Entered Level 5 of the Dungeon
  4747 | D:5      | Found a shimmering altar of Xom.
  4774 | D:5      | Reached skill level 8 in Short Blades
  4970 | D:5      | Noticed Edmund
  4996 | D:5      | Killed Edmund
  4996 | D:5      | Reached XP level 8. HP: 48/58 MP: 8/8
  5003 | D:5      | Noticed Blork the orc
  5163 | D:5      | Reached skill level 9 in Short Blades
  5531 | D:5      | Found a staircase to the Ecumenical Temple.
  5561 | Temple   | Entered the Ecumenical Temple
  5590 | Temple   | Became a worshipper of Warmaster Okawaru
  5621 | D:5      | Killed Blork the orc
  5859 | D:6      | Reached skill level 10 in Short Blades
  6377 | D:6      | Reached XP level 9. HP: 62/63 MP: 9/9
  6487 | D:6      | Found a white marble altar of Elyvilon.
  6555 | D:6      | Reached skill level 1 in Dodging
  6557 | D:6      | Gained mutation: You evolve. [potion of beneficial mutation]
  6687 | D:6      | Reached * piety under Okawaru
  6687 | D:6      | Reached skill level 2 in Dodging
  6732 | D:6      | Found an oddly glowing altar of Pakellas.
  6763 | D:6      | Reached skill level 3 in Dodging
  6866 | D:6      | Gained mutation: You passively map a small area around you. [evolution]
  6934 | D:7      | Found a shattered altar of Ashenzari.
  6934 | D:7      | Found an ancient bone altar of Kikubaaqudgha.
  7176 | D:7      | Reached skill level 4 in Dodging
  7195 | D:7      | Noticed Menkaure
  7201 | D:7      | Killed Menkaure
  7303 | D:7      | Reached skill level 5 in Dodging
  7304 | D:7      | Found a flagged portal.
  7311 | Bailey   | Entered a bailey
  7595 | Bailey   | HP: 7/63 [orc warrior (11)]
  7657 | Bailey   | HP: 11/63 [orc/bolt (8)]
  7669 | Bailey   | HP: 10/63 [orc/bolt (12)]
  7680 | Bailey   | HP: 10/63 [orc warrior (1)]
  7689 | Bailey   | Reached ** piety under Okawaru
  7689 | Bailey   | Reached skill level 6 in Dodging
  7913 | Bailey   | Lost mutation: You passively map a small area around you. [evolution]
  8213 | Bailey   | HP: 14/63 [poisoned by an orc warrior]
  8218 | Bailey   | HP: 9/63 [poisoned by an orc warrior]
  8225 | Bailey   | Shot with a bolt by an orc warrior

Vanquished Creatures
  Menkaure (D:7)
  Edmund (D:5)
  6 orc warriors
  A phantom (D:3)
  An ice beast (D:7)
  An ogre (D:4)
  A centaur (D:6)
  2 giant frogs (D:6)
  Blork the orc (D:5)
  A wyvern skeleton (D:6)
  A scorpion (D:6)
  A killer bee (D:7)
  2 howler monkeys (D:7)
  3 hounds
  Crazy Yiuf (D:2)
  2 orc priests (D:6)
  6 orc wizards
  A centaur skeleton (D:4)
  3 giant frog skeletons
  An iguana (D:6)
  7 worker ants
  A hound zombie (D:6)
  A hound skeleton (D:7)
  A howler monkey zombie (D:6)
  4 gnolls (D:3)
  6 adders
  An ooze (D:2)
  3 worms
  2 dart slugs
  4 giant geckos (D:6)
  21 orcs
  2 ball pythons
  5 giant cockroaches
  3 goblins
  6 hobgoblins
  10 jackals
  12 kobolds
  A quokka (D:4)
  6 bats
  7 giant newts
  A quokka skeleton (D:7)
  4 rats
145 creatures vanquished.
